 Dungeon Crawl Stone Soup version 0.30-a0-46-g5a63ccc183 (webtiles) character file.

Game seed: 13368417361106420429

54786 IdlyInterested the Cleaver (level 14, -10/110 HPs)
             Began as a Demonspawn Wanderer on Sept 1, 2022.
             Was the Champion of Okawaru.
             Mangled by an ettin
             ... wielding a +0 dire flail of holy wrath
              (18 damage)
             ... on level 12 of the Dungeon.
             The game lasted 01:11:37 (21632 turns).

IdlyInterested the Cleaver (Demonspawn Wanderer)   Turns: 21632, Time: 01:11:38

Health: -10/110    AC: 32    Str: 15    XL:     14   Next: 35%
Magic:  0/28       EV:  8    Int: 15    God:    Okawaru [******]
Gold:   584        SH:  0    Dex: 14    Spells: 33/33 levels left

rFire   + . .      SeeInvis .    o - +2 war axe (vamp)
rCold   . . .      Faith    .    (no shield)
rNeg    . . .      Spirit   +    s - +0 plate armour
rPois   .          Reflect  .    t - +2 helmet
rElec   +          Harm     .    (no cloak)
rCorr   +          Rampage  .    (no gloves)
Will    ++...                    e - +2 pair of boots
Stlth   ..........               P - amulet of magic regeneration
HPRegen 0.28/turn                n - ring of Descent {Fire rCorr Dex+2}
MPRegen 0.82/turn                R - ring of protection from cold

@: confused, heroic, ambrosia-drunk, marked, sanguine armoured
A: spiny 3, magic shield, magic regeneration, magic link, sanguine armour 2,
demonic touch 2, dopey 1, strong-willed 1, electricity resistance, MP-powered
wands
a: Renounce Religion, Heroism, Finesse, Duel


You were on level 12 of the Dungeon.
You worshipped Okawaru.
Okawaru was exalted by your worship.
You visited 3 branches of the dungeon, and saw 18 of its levels.
You also visited: Sewer.

You collected 1265 gold pieces.
You spent 681 gold pieces at shops.

Inventory:

Hand Weapons
 o - a +2 vampiric war axe (weapon)
 K - the +9 dagger of Zoafyt {vorpal, +Blink rElec}
   (You found it on level 7 of the Dungeon)

   It inflicts extra damage upon your enemies.
   rElec:     It insulates you from electricity.
   +Blink:    It lets you blink.
 N - a +0 hand axe of flaming
Missiles
 m - 4 boomerangs
 q - a throwing net
 G - 4 silver boomerangs
 I - 2 boomerangs of dispersal
Armour
 d - a +2 scale mail of willpower
 e - a +2 pair of boots (worn)
 s - a +0 plate armour (worn)
 t - a +2 helmet (worn)
 v - a scarf of harm
 y - a +2 robe of cold resistance
 C - the +1 animal skin of the Yeti {Rampage rF+++ Str-3 Int+2}
   (Okawaru gifted it to you on level 5 of the Lair of Beasts)

   Str:       It affects your strength (-3).
   Int:       It affects your intelligence (+2).
   rF:        It renders you almost immune to fire.
   Rampage:   It bestows one free step when moving towards enemies.
 H - a +1 ring mail of poison resistance
Magical Staves
 b - a staff of earth
Jewellery
 n - the ring of Descent (left hand) {Fire rCorr Dex+2}
   (You found it on level 2 of the Dungeon)

   [ring of fire]

   It enhances your fire magic.
   Dex:       It affects your dexterity (+2).
   rF:        It protects you from fire.
   rC:        It makes you vulnerable to cold.
   rCorr:     It protects you from acid and corrosion.
 E - a ring of ice
 O - a ring of see invisible
 P - an amulet of magic regeneration (around neck)
 R - a ring of protection from cold (right hand)
 S - a +6 ring of intelligence
Wands
 x - a wand of quicksilver (14)
 z - a wand of digging (4)
 F - a wand of flame (62) (quivered)
 L - a wand of roots (6)
Scrolls
 f - 11 scrolls of teleportation
 i - a scroll of identify
 u - 3 scrolls of blinking
 w - 3 scrolls of fear
 D - a scroll of enchant armour
 M - 4 scrolls of magic mapping
 Q - 2 scrolls of amnesia
Potions
 a - 2 potions of berserk rage
 c - 15 potions of curing
 g - 4 potions of haste
 j - 6 potions of might
 k - 3 potions of magic
 l - 2 potions of brilliance
 p - 2 potions of mutation
 r - 6 potions of flight
 A - 2 potions of invisibility
 B - 2 potions of ambrosia
 J - 2 potions of cancellation
Miscellaneous
 h - a tin of tremorstones (2/2)
 T - a phial of floods (inert)


   Skills:
 * Level 10.2(15.2) Fighting
 * Level 13.8(18.8) Axes
 - Level 1.0(6.0) Throwing
 * Level 9.1(14.1) Armour
 - Level 4.0(9.0) Dodging
 - Level 1.0(6.0) Stealth
 - Level 8.0(13.0) Unarmed Combat
 - Level 10.0 Spellcasting
 - Level 8.0 Invocations
 - Level 4.0 Evocations


You had 33 spell levels left.
You didn't know any spells.
Your spell library contained the following spells:

 Spells                   Type           Power      Damage    Failure   Level
 Apportation              Tloc           14%        N/A       93%         1
 Beastly Appendage        Tmut           14%        N/A       93%         1
 Magic Dart               Conj           28%        1d4       93%         1
 Necrotise                Necr           28%        1d5       93%         1
 Ensorcelled Hibernation  Hex/Ice        14%        N/A       98%         2
 Wereblood                Tmut           7%         N/A       98%         2
 Conjure Flame            Conj/Fire      11%        6-21      100%        3
 Gell's Gravitas          Tloc           7%         N/A       100%        3
 Ignite Poison            Fire/Tmut/Pois 11%        N/A       100%        3
 Lesser Beckoning         Tloc           7%         N/A       100%        3
 Mephitic Cloud           Conj/Pois/Air  7%         N/A       100%        3
 Spider Form              Tmut/Pois      7%         N/A       100%        3
 Stone Arrow              Conj/Erth      14%        3d7       100%        3
 Teleport Other           Tloc           7%         N/A       100%        3
 Vampiric Draining        Necr           7%         2d6       100%        3
 Anguish                  Hex/Necr       3%         N/A       100%        4
 Sticky Flame             Conj/Fire      11%        2d3       100%        4
 Alistair's Intoxication  Tmut/Pois      4%         N/A       100%        5
 Blade Hands              Tmut           3%         N/A       100%        5
 Fireball                 Conj/Fire      5%         3d5       100%        5
 Irradiate                Conj/Tmut      3%         3d12      100%        5
 Dispersal                Tloc           3%         N/A       100%        6
 Iron Shot                Conj/Erth      3%         9d2       100%        6
 Starburst                Conj/Fire      5%         6d4       100%        6
 Dragon Form              Tmut           3%         N/A       100%        7
 Ignition                 Fire           5%         3d4       100%        8
 Lehudib's Crystal Spear  Conj/Erth      3%         10d3      100%        8
 Call Imp                 Summ           Unusable   N/A       N/A         2
 Animate Armour           Summ/Erth      Unusable   N/A       N/A         4

Dungeon Overview and Level Annotations

Branches:
Dungeon (12/15)            Temple (1/1) D:7            Lair (5/5) D:11
 Shoals (0/4) Lair:3        Snake (0/4) Lair:3        Slime (0/5) Lair:5
    Orc (0/2) D:12          Sewer (visited)

Altars:
Ashenzari
Cheibriados
Dithmenos
Fedhas
Gozag
Hepliaklqana
Kikubaaqudgha
Makhleb
Nemelex Xobeh
Okawaru
Qazlal
Ru
Sif Muna
Trog
Uskayaw
Vehumet
Wu Jian
Xom
Yredelemnul
Jiyva

Shops:
D:8 ?   D:11 *

Annotations:
D:12 Frances


Innate Abilities, Weirdness & Mutations

You are completely covered in sharp spines.
When hurt, damage is shared between your health and your magic reserves.
You regenerate magic rapidly.
When low on magic, you restore magic in place of health.
When seriously injured, your blood forms thick armour. (AC +9)
Your touch may inflict irresistible damage on your foes.
You are dopey. (Int -2)
You are strong-willed. (Will+)
You are resistant to electric shocks. (rElec)
You expend magic power (3 MP) to strengthen your wands.


Message History

The ettin hits you but does no damage. The ettin barely misses you.
The vampire gestures wildly while chanting.
The vampire flickers and vanishes!
Deactivating autopickup; reactivate with Ctrl-A.
The orange demon stings you from afar!
You hit the ettin.
You feel better.
The ettin is moderately wounded.
The ettin hits you with a +0 dire flail of holy wrath!
You convulse.
The ettin hits you with a +0 dire flail!
You hit the ettin but do no damage.
The ettin is moderately wounded.
The orange demon stings you but does no damage.
You hit the ettin but do no damage.
The ettin is moderately wounded.
The ettin is struck by your spines. The ettin hits you but does no damage.
The ettin hits you with a +0 dire flail!
* * * LOW HITPOINT WARNING * * *
The orange demon stings you but does no damage.
You slice the ettin!! You punch the ettin, but do no damage.
The ettin is severely wounded.
The ettin hits you with a +0 dire flail of holy wrath.
* * * LOW HITPOINT WARNING * * *
You convulse.
* * * LOW HITPOINT WARNING * * *
The ettin barely misses you.
Frances whispers indecipherable words.
Frances seems to speed up.
You are confused.
You feel invigorated.
The orange demon stings you but does no damage.
Frances says, "I have seen worlds and universes beyond all imagining."
The ettin is struck by your spines. The ettin closely misses you.
The ettin hits you with a +0 dire flail!!
* * * LOW HITPOINT WARNING * * *
You bump into the rock wall.
The orange demon barely misses you.
The ettin hits you with a +0 dire flail of holy wrath!
* * * LOW HITPOINT WARNING * * *
You convulse!!
You die...

# #. #>## ...
########## .
#.##......... ...
#..#.........
.....####4W..########
.......@C@4..........
....#########...##### )
..................
...######..........#
.................... ..
...#####..........##.#.
#.#+#########.#. #.#.#
#.#. #.#'## #.#.


You could see Frances (fast), an ettin, an orange demon (summoned), an ice devil
(summoned) and a wraith.

Vanquished Creatures
  Rupert (Lair:5)
  A dire elephant (Lair:5)
  Nessos (Lair:3)
  The ghost of sirJeffrey23 the Protected, a journeyman MiFi of Okawaru (D:11)
  9 hydras
  A catoblepas (Lair:5)
  A two-headed ogre (D:11)
  A deep troll shaman (Lair:5)
  12 death yaks
  A tengu warrior (D:11)
  Nergalle (Lair:2)
  An oklob plant (Lair:2)
  2 manticores
  A cyclops (D:12)
  13 elephants (Lair:5)
  6 torpor snails (Lair:3)
  6 black mambas
  2 gargoyles
  6 cane toads
  A tengu conjurer (D:11)
  7 komodo dragons
  A rime drake (Lair:3)
  5 trolls
  A wind drake (Lair:3)
  4 polar bears
  14 blink frogs
  6 dream sheep (Lair:5)
  8 wyverns
  29 yaks
  2 wraiths
  4 basilisks
  A steam dragon (D:8)
  3 vampire mosquitoes (D:11)
  2 wargs (D:12)
  14 water moccasins
  Duvessa (D:5)
  4 orc warriors
  3 ice beasts
  3 black bears (D:11)
  A sky beast (D:7)
  An ogre (D:4)
  27 wolves
  6 centaurs
  A phantom (D:5)
  2 kobold brigands
  16 bullfrogs
  2 necrophages
  10 scorpions
  A gnoll sergeant (D:9)
  Dowan (D:5)
  13 wights
  5 killer bees (D:7)
  7 howler monkeys
  2 electric eels
  A hound (D:6)
  4 jellies
  4 orc priests
  Ijyb (D:3)
  Terence (D:2)
  7 iguanas
  10 orc wizards
  Robin (D:2)
  10 adders
  8 gnolls
  2 shadow imps
  A white imp (D:8)
  An ufetubus (D:7)
  3 worms
  7 dart slugs
  49 orcs
  8 ball pythons
  4 endoplasms
  16 giant cockroaches
  15 goblins
  12 hobgoblins
  9 jackals
  16 kobolds
  9 quokkas
  9 bats
  7 frilled lizards
  6 rats
  2 bushes (Lair:2)
  2 butterflies (D:7)
500 creatures vanquished.

Vanquished Creatures (others)
  An orc (D:10)
  67 fungi
  83 plants
  11 toadstools (Lair:2)
162 creatures vanquished.

Grand Total: 662 creatures vanquished

Notes
Turn   | Place    | Note
-------+----------+-------------------------------------------
     0 | D:1      | IdlyInterested the Demonspawn Wanderer began the quest for
                  | the Orb.
     0 | D:1      | IdlyInterested set off with the following items: a +2 hand
                  | axe, a +0 ring mail, a potion of curing; and the following
                  | spell memorised: Necrotise; and the following spells
                  | available to memorise: Vampiric Draining.
     0 | D:1      | Reached XP level 1. HP: 13/13 MP: 5/5
   236 | D:1      | Gained mutation: You are partially covered in sharp spines.
                  | [demonic ancestry]
   236 | D:1      | Reached XP level 2. HP: 20/20 MP: 7/7
   246 | D:1      | Reached skill level 1 in Fighting
   246 | D:1      | Reached skill level 2 in Axes
   570 | D:1      | Gained mutation: Your touch may inflict minor irresistible
                  | damage on your foes. [demonic ancestry]
   570 | D:1      | Reached XP level 3. HP: 11/26 MP: 8/8
  1220 | D:2      | Found a faded altar of an unknown god.
  1288 | D:2      | Found a hazy altar of Hepliaklqana.
  1296 | D:2      | Noticed Robin
  1303 | D:2      | Killed Robin
  1305 | D:2      | Gained mutation: When seriously injured, your blood forms
                  | armour. (AC +9) [demonic ancestry]
  1305 | D:2      | Reached XP level 4. HP: 26/33 MP: 10/10
  1893 | D:2      | Identified the ring of Descent {Fire rCorr Dex+2}
  2006 | D:2      | Noticed Terence
  2012 | D:2      | Killed Terence
  2013 | D:2      | Reached XP level 5. HP: 38/40 MP: 11/11
  2584 | D:3      | Reached XP level 6. HP: 40/47 MP: 12/12
  2711 | D:3      | Reached skill level 3 in Axes
  2902 | D:3      | Noticed Ijyb
  2922 | D:3      | Killed Ijyb
  3150 | D:4      | Reached skill level 1 in Unarmed Combat
  3165 | D:4      | Found a glowing drain.
  3181 | Sewer    | Entered a sewer
  3536 | Sewer    | Gained mutation: You are mostly covered in sharp spines.
                  | [demonic ancestry]
  3536 | Sewer    | Reached XP level 7. HP: 50/55 MP: 11/13
  3956 | D:4      | Reached skill level 5 in Fighting
  4294 | D:5      | Entered Level 5 of the Dungeon
  4326 | D:5      | Reached skill level 4 in Axes
  4405 | D:5      | Noticed Duvessa
  4407 | D:5      | Noticed Dowan
  4414 | D:5      | Killed Duvessa
  4415 | D:5      | Gained mutation: You regenerate magic rapidly. [demonic
                  | ancestry]
  4415 | D:5      | Reached XP level 8. HP: 51/62 MP: 10/14
  4421 | D:5      | Killed Dowan
  4474 | D:5      | Reached skill level 1 in Dodging
  4613 | D:5      | Found a faded altar of an unknown god.
  4695 | D:5      | Found a blossoming altar of Fedhas.
  4770 | D:5      | Reached skill level 1 in Stealth
  4770 | D:5      | Reached skill level 5 in Spellcasting
  5138 | D:6      | Reached skill level 5 in Axes
  5138 | D:6      | Reached skill level 1 in Evocations
  5616 | D:6      | Gained mutation: When seriously injured, your blood forms
                  | thick armour. (AC +9) [demonic ancestry]
  5616 | D:6      | Reached XP level 9. HP: 69/69 MP: 16/16
  5925 | D:7      | Reached skill level 6 in Axes
  5925 | D:7      | Reached skill level 5 in Armour
  6053 | D:7      | Identified the +9 dagger of Zoafyt {vorpal, +Blink rElec}
  6340 | D:7      | Found a runed translucent door.
  6342 | D:7      | Found a runed translucent door.
  6489 | D:7      | Gained mutation: You are clumsy. (Dex -2) [potion of
                  | mutation]
  6489 | D:7      | Gained mutation: Your mind is acute. (Int +4, Str/Dex -1)
                  | [potion of mutation]
  6549 | D:7      | Found a staircase to the Ecumenical Temple.
  6558 | Temple   | Entered the Ecumenical Temple
  6558 | Temple   | Found a transporter.
  6558 | Temple   | Found a transporter.
  6560 | Temple   | Found a transporter.
  6560 | Temple   | Found a transporter.
  7938 | D:8      | Gained mutation: Your touch may inflict irresistible damage
                  | on your foes. [demonic ancestry]
  7938 | D:8      | Reached XP level 10. HP: 58/79 MP: 14/19
  8198 | D:8      | Found an ancient bone altar of Kikubaaqudgha.
  8300 | D:8      | Reached skill level 7 in Axes
  8671 | D:8      | Identified the +1 whip of the Resonant God {vorpal, Contam
                  | *Rage rCorr Dex+5}
  8741 | D:8      | Found Votuffut's Magic Scroll Boutique.
  9559 | D:9      | Found an opulent altar of Gozag.
 10012 | D:9      | Found a shadowy altar of Dithmenos.
 10050 | D:9      | Found a sacrificial altar of Ru.
 10061 | D:9      | Reached skill level 5 in Unarmed Combat
 10338 | D:9      | Reached skill level 8 in Axes
 10987 | D:10     | Entered Level 10 of the Dungeon
 11366 | D:10     | Noticed a gargoyle
 11373 | D:10     | Gained mutation: When hurt, damage is shared between your
                  | health and your magic reserves. [demonic ancestry]
 11373 | D:10     | Reached XP level 11. HP: 83/84 MP: 21/21
 11706 | D:10     | Lost mutation: Your mind is acute. (Int +4, Str/Dex -1)
                  | [potion of mutation]
 11706 | D:10     | Lost mutation: You are clumsy. (Dex -2) [potion of
                  | mutation]
 11706 | D:10     | Gained mutation: You occasionally lose the ability to read
                  | scrolls when taking damage. [potion of mutation]
 11706 | D:10     | Gained mutation: Your movements are slightly less
                  | encumbered by armour. (ER -2) [potion of mutation]
 11706 | D:10     | Gained mutation: You sometimes lose your temper in combat.
                  | [potion of mutation]
 12193 | D:11     | Noticed a two-headed ogre
 12193 | D:11     | Noticed a five-headed hydra
 12205 | D:11     | Killed a two-headed hydra
 12209 | D:11     | Killed a two-headed ogre
 12486 | D:11     | Noticed a tengu warrior
 12514 | D:11     | Killed a tengu warrior
 12515 | D:11     | Found a staircase to the Lair.
 12875 | D:11     | Found a runed translucent door.
 12876 | D:11     | Noticed sirJeffrey23's ghost (journeyman MiFi)
 12921 | D:11     | Found Umouhid's Pet Rocks.
 12935 | D:11     | Reached skill level 9 in Axes
 12937 | D:11     | Bought a tin of tremorstones (2/2) for 480 gold pieces
 13426 | D:11     | Killed sirJeffrey23's ghost
 13627 | D:11     | Bought a wand of digging (4) for 201 gold pieces
 13683 | Lair:1   | Entered Level 1 of the Lair of Beasts
 13683 | Lair:1   | Noticed an eight-headed hydra
 13698 | Lair:1   | Killed a two-headed hydra
 14230 | Temple   | Became a worshipper of Warmaster Okawaru
 14497 | Lair:1   | Gained mutation: When low on magic, you restore magic in
                  | place of health. [demonic ancestry]
 14497 | Lair:1   | Reached XP level 12. HP: 64/92 MP: 17/23
 15183 | Lair:2   | Noticed a four-headed hydra
 15201 | Lair:2   | Killed a one-headed hydra
 15201 | Lair:2   | Reached * piety under Okawaru
 15477 | Lair:2   | Noticed Nergalle
 15500 | Lair:2   | Killed Nergalle
 15618 | Lair:2   | Reached skill level 10 in Axes
 15787 | Lair:2   | Found a blossoming altar of Fedhas.
 16589 | Lair:3   | Noticed Nessos
 16589 | Lair:3   | Found a snail-covered altar of Cheibriados.
 16604 | Lair:3   | Reached ** piety under Okawaru
 16620 | Lair:3   | Killed Nessos
 16626 | Lair:3   | Reached skill level 5 in Invocations
 16832 | Lair:3   | Found a staircase to the Shoals.
 16856 | Lair:3   | Reached *** piety under Okawaru
 17074 | Lair:3   | Noticed a death yak
 17074 | Lair:3   | Noticed a death yak
 17085 | Lair:3   | Killed a death yak
 17093 | Lair:3   | Killed a death yak
 17094 | Lair:3   | Reached skill level 11 in Axes
 17457 | Lair:3   | Found a staircase to the Snake Pit.
 17603 | Lair:3   | Noticed a seven-headed hydra
 17614 | Lair:3   | Killed a five-headed hydra
 17614 | Lair:3   | Reached **** piety under Okawaru
 18367 | Lair:4   | You fall into a shaft and drop 1 floor!
 18367 | Lair:5   | Entered Level 5 of the Lair of Beasts
 18370 | Lair:5   | Noticed a death yak
 18381 | Lair:5   | Gained mutation: You are completely covered in sharp
                  | spines. [demonic ancestry]
 18381 | Lair:5   | Reached XP level 13. HP: 58/101 MP: 21/25
 18436 | Lair:5   | Reached ***** piety under Okawaru
 18503 | Lair:5   | Reached skill level 12 in Axes
 18789 | Lair:4   | Lost mutation: You sometimes lose your temper in combat.
                  | [potion of mutation]
 18789 | Lair:4   | Lost mutation: Your movements are slightly less encumbered
                  | by armour. (ER -2) [potion of mutation]
 18789 | Lair:4   | Lost mutation: You occasionally lose the ability to read
                  | scrolls when taking damage. [potion of mutation]
 18789 | Lair:4   | Gained mutation: You are resistant to electric shocks.
                  | (rElec) [potion of mutation]
 18789 | Lair:4   | Gained mutation: You are strong-willed. (Will+) [potion of
                  | mutation]
 18789 | Lair:4   | Gained mutation: You are dopey. (Int -2) [potion of
                  | mutation]
 18789 | Lair:4   | Gained mutation: You expend magic power (3 MP) to
                  | strengthen your wands. [potion of mutation]
 18914 | Lair:4   | Reached skill level 10 in Fighting
 19631 | Lair:5   | Identified the +1 animal skin of the Yeti {Rampage rF+++
                  | Str-3 Int+2} (Okawaru gifted it to you on level 5 of the
                  | Lair of Beasts)
 19631 | Lair:5   | Received a gift from Okawaru
 19662 | Lair:5   | Noticed Rupert
 19684 | Lair:5   | Killed Rupert
 19880 | Lair:5   | Reached skill level 13 in Axes
 20012 | Lair:5   | Reached XP level 14. HP: 80/110 MP: 21/27
 20650 | Lair:5   | Reached skill level 10 in Spellcasting
 20797 | Lair:5   | Reached ****** piety under Okawaru
 20903 | Lair:5   | Found a staircase to the Slime Pits.
 20903 | Lair:5   | Found a viscous altar of Jiyva.
 21286 | D:12     | Found a staircase to the Orcish Mines.
 21619 | D:12     | Noticed Frances
 21632 | D:12     | Mangled by an ettin

Illustrated notes

Levels and vault maps discovered:
D:1:      heliophobic_arrival_enchanted_forest, layout_basic
D:2:      layout_loops_ring, chequers_ecumenical_altar_simple_redux,
          basic_altar, uniq_robin, uniq_terence
D:3:      layout_rooms, uniq_ijyb
D:4:      layout_cave_pools, cheibrodos_sewer_entry_bend,
          kennysheep_generic_room_14
D:5:      layout_cave_pools, lemuel_tele_altar, serial_column_ruins,
          column_ruins_hut_water, column_ruins_temple_circle,
          column_ruins_corridor_plus, column_ruins_open_medium,
          column_ruins_open_small, column_ruins_grid_2,
          chequers_serial_rivers_micro_d, uniq_duvessa
D:6:      layout_gridville, columned_hall_lemuel
D:7:      lemuel_insect_pit, layout_gridville, minmay_temple_entry_stoned_glass
D:8:      layout_loops_corners, kiku_gazebo_pond_becter, serial_shops,
          kennysheep_mini_moat
D:9:      layout_irregular_city, general_overflow_altar,
          mainiacjoe_overflow_catwalk_spiral, kennysheep_donut
D:10:     layout_roguey, kennysheep_crisscross, amcnicky_mini_pool_medium
D:11:     layout_loops_ring, due_lair_maze_entry_diamond,
          ebering_ghost_reflecting_pool, hangedman_decor_opposing,
          guppyfry_shop_earth
D:12:     giant_chief_lemuel, layout_basic, david_orc_3, uniq_frances
Temple:   hellmonk_temple_divided_pantheon
Lair:1:   layout_hall_layers, nicolae_quartered_pool_little
Lair:2:   layout_hall_layers, tgw_fedhas, uniq_nergalle
Lair:3:   layout_loops_ring, minmay_shoals_entry_beasts, dummy_snake_entry,
          minmay_hedge_maze, kennysheep_snail_temple, uniq_nessos
Lair:4:   layout_hall_layers
Lair:5:   grunt_lair_end_beastmaster, layout_big_grid, slime_entry_1,
          st_stairs_4, grunt_megastairs_5, uniq_rupert

Skill      XL: |  1  2  3  4  5  6  7  8  9 10 11 12 13 14 |
---------------+-------------------------------------------+-----
Armour         | 2 3 4 7 8 9 |  9.1
Fighting       | 1 2 3 4 5 6 7 8 9 10 | 10.2
Axes           | 2 3 4 5 6 8 9 11 13 | 13.8
Unarmed Combat | 2 4 6 8 |  8.0
Dodging        | 1 4 |  4.0
Stealth        | 1 |  1.0
Spellcasting   | 5 6 7 8 9 10 | 10.0
Evocations     | 1 4 |  4.0
Invocations    | 6 8 |  8.0
Throwing       | |  1.0

Action                   |  1- 3 |  4- 6 |  7- 9 | 10-12 | 13-15 || total
-------------------------+-------+-------+-------+-------+-------++-------
Melee: Hand axe          |     7 |       |    12 |   616 |    36 ||   671
       Short sword       |    42 |    94 |       |       |       ||   136
       Touch             |     6 |    21 |    41 |   154 |    98 ||   320
       Punch             |       |     3 |     6 |    50 |    36 ||    95
       Club              |       |    48 |       |       |       ||    48
       Mace              |       |       |   204 |       |       ||   204
       Dagger            |       |       |       |     4 |       ||     4
       War axe           |       |       |       |     4 |   378 ||   382
Throw: Boomerang         |       |     1 |     4 |    13 |    11 ||    29
Invok: Heroism           |       |       |       |     2 |     5 ||     7
       Finesse           |       |       |       |       |     3 ||     3
Evoke: Wand              |       |       |       |     1 |     3 ||     4
       Tin of tremorston |       |       |       |       |     1 ||     1
       Phial of floods   |       |       |       |       |     1 ||     1
  Use: Scroll            |       |    11 |    13 |     6 |     2 ||    32
       Potion            |       |       |     1 |     6 |     3 ||    10
 Stab: Petrified         |       |       |       |       |     6 ||     6
Armor: Ring mail         |    10 |       |       |       |       ||    10
       Scale mail        |    10 |    77 |   129 |   150 |       ||   366
       Chain mail        |       |       |       |    78 |       ||    78
       Plate armour      |       |       |       |   160 |   318 ||   478
Dodge: Dodged            |    18 |    54 |   108 |   223 |   126 ||   529

Table legend: (Time is in decaauts)
 A = Elapsed time spent in this place.
 B = Non-inter-level travel time spent in this place.
 C = Inter-level travel time spent in this place.
 D = Time resting spent in this place.
 E = Time spent auto-exploring this place.
 F = Levels seen in this place.
 G = Mean time per level.
                   A        B        C        D        E       F      G
               +--------+--------+--------+--------+--------+-----+--------+
         Total |  21676 |  19243 |   2433 |   3161 |  11673 |  19 | 1140.8 |
       Dungeon |  13883 |  12216 |   1667 |   2242 |   7419 |  12 | 1156.9 |
        Temple |     62 |     31 |     31 |      0 |      0 |   1 |   62.0 |
          Lair |   7275 |   6541 |    734 |    819 |   4254 |   5 | 1455.0 |
         Sewer |    455 |    455 |      0 |    100 |      0 |   1 |  455.0 |
               +--------+--------+--------+--------+--------+-----+--------+

Top non-repeatable levels by time:
     D:9: 2187 daAuts
  Lair:3: 2016 daAuts
  Lair:5: 1707 daAuts
     D:7: 1634 daAuts
    D:11: 1556 daAuts
  Lair:2: 1546 daAuts
     D:1: 1264 daAuts
     D:8: 1237 daAuts
    D:10: 1207 daAuts
  Lair:1: 1164 daAuts
     D:6: 1044 daAuts
     D:2: 984 daAuts
     D:3: 885 daAuts
  Lair:4: 840 daAuts
     D:4: 838 daAuts
